 Dungeon Crawl Stone Soup version 0.28-a0-1117-g0bdd5ba030 (console) character file.

Game seed: 2619634920950158292

42 petzl the Vexing (level 3, -1/23 HPs)
             Began as an Octopode Arcane Marksman on Dec 11, 2021.
             Succumbed to an adder's poison
             ... on level 2 of the Dungeon.
             The game lasted 00:03:14 (1180 turns).

petzl the Vexing (Octopode Arcane Marksman)         Turns: 1180, Time: 00:03:15

Health: -1/23      AC:  1    Str:  9    XL:     3   Next: 54%
Magic:  3/4        EV: 13    Int: 17    God:
Gold:   69         SH:  0    Dex: 12    Spells: 3/4 levels left

rFire   . . .      SeeInvis .   a - +0 hand crossbow
rCold   . . .      Faith    .   (no shield)
rNeg    . . .      Spirit   .   (helmet restricted)
rPois   .          Reflect  .   (no amulet)
rElec   .          Harm     .   (no ring)
rCorr   .          Rampage  .   (no ring)
Will    .....                   (no ring)
Stlth   +++.......              (no ring)
HPRegen 0.07/turn               (no ring)
MPRegen 0.09/turn               (no ring)
                                (no ring)
                                (no ring)

@: lethally poisoned (-1 -> -11)
A: almost no armour, amphibious, 8 rings, camouflage 1, gelatinous body 1,
(nimble swimmer 1), tentacles
a: no special abilities


You were on level 2 of the Dungeon.
You visited 1 branch of the dungeon, and saw 2 of its levels.

You collected 69 gold pieces.

Inventory:

Hand Weapons
 a - a +0 hand crossbow (weapon)
 b - a +0 short sword
Missiles
 c - 8 bolts (quivered ammo)
Jewellery
 g - an amulet of reflection
Scrolls
 e - a scroll of torment {unknown}
 f - 2 scrolls of enchant weapon {unknown}
 h - a scroll of silence {unknown}
Potions
 d - a potion of curing {unknown}


   Skills:
 + Level 1.1 Fighting
 + Level 2.6 Crossbows
 + Level 2.5 Dodging
 * Level 2.3 Stealth
 + Level 1.1 Spellcasting
 - Level 3.0 Hexes


You had 3 spell levels left.
You knew the following spells:

 Your Spells              Type           Power      Damage    Failure   Level
a - Slow                  Hex            44%        N/A       6%          1

Your spell library contained the following spells:

 Spells                   Type           Power      Damage    Failure   Level
 Animate Skeleton         Necr           0%         N/A       22%         1
 Pain                     Necr           0%         1d4       22%         1
 Inner Flame              Hex/Fire       6%         N/A       34%         3
 Portal Projectile        Hex/Tloc       12%        N/A       34%         3
 Vampiric Draining        Necr           0%         2d6       54%         3
 Cause Fear               Hex            5%         N/A       52%         4


Dungeon Overview and Level Annotations

Branches:
Dungeon (2/15)

Altars:
Wu Jian


Innate Abilities, Weirdness & Mutations

You cannot wear most types of armour.
You are amphibious.
You can wear up to eight rings at the same time.
Your skin changes colour to match your surroundings (Stealth+).
Your rubbery body absorbs attacks. (AC +1, EV +1)
((You are camouflaged near water. (Stealth+)))
You have tentacles for arms and can constrict up to eight enemies at once.


Message History

You shoot a bolt. The bolt misses the adder.
An adder is nearby!
You shoot a bolt. The bolt misses the adder.
Casting: Slow (safe; 6% risk of failure)
Confirm with . or Enter, or press ? or * to list all spells.
Aiming: Slow (safe; 6% risk of failure)
Press: ? - help, Shift-Dir - straight line, f/p - adder
Aim: an adder (lightly wounded, chance to affect: 55%)
The adder resists with significant effort.
The adder bites you.
You are poisoned.
The adder poisons you!
You shoot a bolt. The bolt hits the adder!
The adder is almost dead.
You feel sick. The adder closely misses you. The adder bites you.
You are more poisoned.
The adder poisons you!
You shoot a bolt.
The bolt hits the adder but does no damage.
The adder is almost dead.
You feel very sick. The adder bites you.
You are lethally poisoned!
The adder poisons you!
You are too injured to fight recklessly!
You are too injured to fight recklessly!
Fire: 10 bolts
Press: ? - help, Q - select action, (/) - cycle Shift-Dir - straight line, f/p - adder
Aim: an adder (almost dead, 44% to hit)
You shoot a bolt. The bolt closely misses the adder.
* * * LOW HITPOINT WARNING * * *
You feel very sick. The adder completely misses you. The adder bites you.
* * * LOW HITPOINT WARNING * * *
Fire: 9 bolts
Press: ? - help, Q - select action, (/) - cycle Shift-Dir - straight line, f/p - adder
Aim: an adder (almost dead, 44% to hit)
You shoot a bolt. The bolt hits the adder.
You kill the adder!
You die...

### #############.#
#.........)...#
##.##########.# #.# #.# #.#
########.# ###### #.#
#).......# #.....# #.#
#........## ####.....# #.#
#........[###........## #.#
#..........##.......... #.#
#####......##.......# #.#
#...............+ #.#
#.....###.......###.. #.#
####............@....... #.#
##....##+####.##.#(...... #.#
#..♣..#.....#.##.#....... #.#
#...........#....#....... #.#
#...........#....#....... #.#
#...........#....#.......
#.####...............#.#.....
#...................##+#...((
#########...........
#.....>.... ###..........
#..........#. #............
######............
#.................
##.###.....####### #.#
#.....# #.# #.....# #.#
#.....#


There were no monsters in sight!

Vanquished Creatures
  2 adders (D:2)
  A dart slug (D:1)
  2 endoplasms (D:1)
  2 giant cockroaches (D:1)
  5 goblins
  A hobgoblin (D:1)
  6 kobolds
  2 quokkas
  3 ball pythons
  2 bats (D:1)
  A frilled lizard (D:1)
  3 rats
30 creatures vanquished.

Notes
Turn   | Place    | Note
-------+----------+-------------------------------------------
     0 | D:1      | petzl the Octopode Arcane Marksman began the quest for the
                  | Orb.
     0 | D:1      | Reached XP level 1. HP: 13/13 MP: 2/2
   131 | D:1      | Reached skill level 1 in Stealth
   178 | D:1      | Reached XP level 2. HP: 18/18 MP: 3/3
   765 | D:1      | Reached XP level 3. HP: 23/23 MP: 4/4
   910 | D:2      | Found an ornate altar of the Wu Jian Council.
  1180 | D:2      | Succumbed to an adder's poison

Illustrated notes

Levels and vault maps discovered:
D:1:      shiori_arrival_oz, layout_loops_cross, minmay_tree_intersection
D:2:      wad_crossroads, layout_basic, basic_altar,
          shapermc_ecumenical_altar_starsandcircs, grunt_decor_fettered,
          chequers_mini_garden

Skill      XL: |  1  2  3 |
---------------+----------+-----
Stealth        | 1 2 |  2.3
Fighting       | |  1.1
Crossbows      | |  2.6
Dodging        | |  2.5
Spellcasting   | |  1.1
Hexes          | |  3.0

Action                   || total
-------------------------++-------
 Fire: Hand crossbow     ||    61
 Cast: Slow              ||     1
Dodge: Dodged            ||     9

Table legend: (Time is in decaauts)
 A = Elapsed time spent in this place.
 B = Non-inter-level travel time spent in this place.
 C = Inter-level travel time spent in this place.
 D = Time resting spent in this place.
 E = Time spent auto-exploring this place.
 F = Levels seen in this place.
 G = Mean time per level.
                   A        B        C        D        E       F      G
               +--------+--------+--------+--------+--------+-----+--------+
         Total |   1203 |   1170 |     33 |      0 |    996 |   2 |  601.5 |
       Dungeon |   1203 |   1170 |     33 |      0 |    996 |   2 |  601.5 |
               +--------+--------+--------+--------+--------+-----+--------+

Top non-repeatable levels by time:
     D:1: 925 daAuts
     D:2: 278 daAuts
